 Dungeon Crawl Stone Soup version 0.27-a0-1196-g3e9cee4cb2 (webtiles) character file.

Game seed: 13869767853924060706

84 freelancePsychic the Skirmisher (level 4, -2/48 HPs)
             Began as an Ogre Warper on May 28, 2021.
             Killed by divine providence
             ... invoked by an orc priest
              (13 damage)
             ... on level 3 of the Dungeon.
             The game lasted 00:04:17 (2078 turns).

freelancePsychic the Skirmisher (Ogre Warper)       Turns: 2078, Time: 00:04:17

Health: -2/48      AC:  6    Str: 15    XL:     4   Next: 45%
Magic:  7/7        EV:  7    Int: 15    God:
Gold:   54         SH:  8    Dex:  8    Spells: 5/7 levels left

rFire    . . .     SeeInvis .   a - +0 mace
rCold    . . .     Faith    .   i - +1 kite shield {AC+3}
rNeg     . . .     Spirit   .   c - +0 robe
rPois    .         Reflect  .   (helmet restricted)
rElec    .         Harm     .   (no cloak)
rCorr    .         Rampage  .   (gloves unavailable)
Will     .....                  (boots unavailable)
Stlth    +.........             f - amulet of magic regeneration
HPRegen  0.16/turn              (no ring)
MPRegen  0.35/turn              (no ring)

@: no status effects
A: large, unfitting armour, tough skin 1
a: no special abilities


You were on level 3 of the Dungeon.
You visited 1 branch of the dungeon, and saw 3 of its levels.

You collected 54 gold pieces.

Inventory:

Hand Weapons
 a - a +0 mace (weapon)
 b - a +0 hunting sling
Missiles
 g - 41 stones (quivered)
 h - 2 atropa-tipped darts
Armour
 c - a +0 robe (worn)
 i - a +1 kite shield of protection (worn)
Jewellery
 f - an amulet of magic regeneration (around neck)
 j - a +4 ring of protection
Scrolls
 d - 4 scrolls of blinking
Potions
 k - a potion of brilliance {unknown}


   Skills:
 + Level 3.8 Fighting
 * Level 3.1 Maces & Flails
 - Level 1.0 Throwing
 - Level 2.1 Dodging
 + Level 1.2 Shields
 - Level 2.4 Spellcasting
 - Level 2.8 Translocations


You had 5 spell levels left.
You knew the following spells:

 Your Spells              Type           Power      Damage    Failure   Level
a - Blink                 Tloc           N/A        N/A       47%         2

Your spell library contained the following spells:

 Spells                   Type           Power      Damage    Failure   Level
 Gell's Gravitas          Tloc           5%         N/A       71%         3
 Lesser Beckoning         Tloc           5%         N/A       71%         3
 Teleport Other           Tloc           10%        N/A       71%         3
 Manifold Assault         Tloc           10%        N/A       100%        5


Dungeon Overview and Level Annotations

Branches:
Dungeon (3/15)

Altars:

Annotations:
D:2 Sigmund


Innate Abilities, Weirdness & Mutations

You are too large for most types of armour.
You have tough skin. (AC +1)


Message History

You throw a boomerang of dispersal.
The boomerang of dispersal barely misses the orc.
The boomerang of dispersal hits the orc priest.
The orc priest blinks!
The orc hits you with a +0 hand axe.
You hit the orc.
The orc is severely wounded.
The orc barely misses you.
You barely miss the orc.
The orc is severely wounded.
You block the orc's attack. The orc barely misses you.
You barely miss the orc.
The orc is severely wounded.
The orc barely misses you. The orc hits you but does no damage.
You closely miss the orc.
The orc is severely wounded.
The orc hits you but does no damage.
You barely miss the orc.
The orc is severely wounded.
You block the orc's attack. The orc hits you with a +0 hand axe.
You hit the orc but do no damage.
The orc is severely wounded.
The orc closely misses you.
You sock the orc!
You kill the orc!
You sock the orc!
You kill the orc!
You block the orc's attack.
You closely miss the orc.
The orc is lightly wounded.
You block the orc's attack.
The orc priest invokes the aid of Beogh against you.
Beogh smites you!
* * * LOW HITPOINT WARNING * * *
There is a stone staircase leading up here.
The orc hits you with a +0 whip.
* * * LOW HITPOINT WARNING * * *
The orc priest calls down the wrath of Beogh upon you.
Beogh smites you!
You die...

# ###########
.# #...@oo)o.#
..# #.#######.#
oo.# #.##....##
#oo.......
#.............
...[...........
#..#.#.##.....#
.......# ......
#..#.### .....#


You could see an orc priest and 2 orcs.

Vanquished Creatures
  Terence (D:1)
  An adder (D:2)
  A worm (D:2)
  2 orcs (D:3)
  4 endoplasms (D:1)
  A giant cockroach (D:2)
  2 goblins (D:1)
  5 hobgoblins
  6 jackals
  A kobold (D:1)
  3 quokkas
  3 ball pythons
  5 bats (D:1)
  A frilled lizard (D:1)
  A rat (D:2)
37 creatures vanquished.

Notes
Turn   | Place    | Note
-------+----------+-------------------------------------------
     0 | D:1      | freelancePsychic the Ogre Warper began the quest for the
                  | Orb.
     0 | D:1      | Reached XP level 1. HP: 22/22 MP: 3/3
   197 | D:1      | You fall into a shaft and drop 1 floor!
   496 | D:1      | Reached XP level 2. HP: 29/29 MP: 5/5
   560 | D:1      | Identified a scroll of acquirement
   560 | D:1      | Acquired a +1 kite shield of protection
   954 | D:1      | Learned a level 2 spell: Blink
  1120 | D:1      | Reached XP level 3. HP: 37/37 MP: 6/6
  1480 | D:2      | Noticed Terence
  1517 | D:1      | Killed Terence
  1518 | D:1      | Reached skill level 1 in Shields
  1518 | D:1      | Reached XP level 4. HP: 16/48 MP: 7/7
  2026 | D:2      | Noticed Sigmund
  2078 | D:3      | Killed from afar by an orc priest

Illustrated notes

Levels and vault maps discovered:
D:1:      dpeg_arrival_solitude, layout_basic
D:2:      layout_rooms, uniq_terence, uniq_sigmund
D:3:      layout_loops_corners, nzn_wu_jian_contemplation,
          nicolae_sif_muna_condensation, glass_columns_a, roderic_filled_cross,
          uniq_jessica, uniq_purgy, uniq_robin

Skill      XL: |  1  2  3 |
---------------+----------+-----
Maces & Flails | 2 3 |  3.1
Fighting       | 3 |  3.8
Shields        | 1 |  1.2
Throwing       | |  1.0
Dodging        | |  2.1
Spellcasting   | |  2.4
Translocations | |  2.8

Action                   |  1- 3 |  4- 6 || total
-------------------------+-------+-------++-------
Melee: Mace              |    62 |    21 ||    83
 Fire: Hunting sling     |    42 |    17 ||    59
Throw: Boomerang         |     1 |     4 ||     5
  Use: Scroll            |     1 |       ||     1
Armor: Robe              |    44 |    31 ||    75
Dodge: Dodged            |    31 |    21 ||    52
Block: Kite shield       |    36 |    26 ||    62

Table legend: (Time is in decaauts)
 A = Elapsed time spent in this place.
 B = Non-inter-level travel time spent in this place.
 C = Inter-level travel time spent in this place.
 D = Time resting spent in this place.
 E = Time spent auto-exploring this place.
 F = Levels seen in this place.
 G = Mean time per level.
                   A        B        C        D        E       F      G
               +--------+--------+--------+--------+--------+-----+--------+
         Total |   2145 |   2070 |     75 |    522 |   1128 |   3 |  715.0 |
       Dungeon |   2145 |   2070 |     75 |    522 |   1128 |   3 |  715.0 |
               +--------+--------+--------+--------+--------+-----+--------+

Top non-repeatable levels by time:
     D:1: 1637 daAuts
     D:2: 469 daAuts
     D:3: 37 daAuts
